 Dungeon Crawl Stone Soup version 0.31-a0-431-g88bdf31460 (webtiles) character file.

Game seed: 6815386880509787005

294 lunkers the Insei (level 6, -3/70 HPs)
             Began as a Meteoran Shapeshifter on July 31, 2023.
             Was an Initiate of Okawaru.
             Slain by an ogre
             ... wielding a +0 giant spiked club
              (6 damage)
             ... on level 4 of the Dungeon.
             The game lasted 00:05:07 (1701 turns).

lunkers the Insei (Meteoran Shapeshifter)           Turns: 1701, Time: 00:05:08

Health: -3/70      AC: 23    Str: 17    XL:     6   Next: 92%
Magic:  7/7        EV:  2    Int:  9    God:    Okawaru [......]
Gold:   86         SH:  0    Dex: 17    Spells: 5/5 levels left

rFire   . .          .
                       - Unarmed
rCold   . . .        (no shield)
rNeg    . . .        h - melded +0 scale mail
rPois   +            (helmet currently unavailable)
rElec   .            (cloak currently unavailable)
rCorr   .            (gloves currently unavailable)
SInv    .            (boots currently unavailable)
Will    .....        (no amulet)
Stlth   +            (no ring)
HPRegen 0.31/turn    (no ring)
MPRegen 0.10/turn

%: no passive effects
@: tree-form, glowing
A: stationary, stasis, torment immunity, boosted hp, sense surroundings 1,
otherworldly, glowing, explore regen
a: Renounce Religion


You were on level 4 of the Dungeon.
You worshipped Okawaru.
Okawaru was noncommittal.
You were a tree.
You visited 1 branch of the dungeon, and saw 4 of its levels.

You collected 86 gold pieces.

Inventory:

Armour
 a - a +0 animal skin
 h - a +0 scale mail (melded)
 k - a +0 pair of gloves
Talismans
 c - a beast talisman
 e - a blade talisman
Scrolls
 f - 5 scrolls of teleportation
 g - 2 scrolls of enchant weapon
Potions
 d - 2 potions of might
 i - 3 potions of curing {unknown}


   Skills:
 - Level 1.1 Fighting
 - Level 2.4 Dodging
 + Level 7.9 Unarmed Combat
 + Level 1.2 Invocations
 + Level 4.0 Shapeshifting


You had 5 spell levels left.
You didn't know any spells.
Your spell library contained the following spells:

 Spells                   Type           Power      Damage    Failure   Level
 Portal Projectile        Hex/Tloc       0%         N/A       77%         3
 Iskenderun's Mystic Bla  Conj/Tloc      0%         2d3       99%         4
 Tukima's Dance           Hex            Unusable   N/A       N/A         3

Dungeon Overview and Level Annotations

Branches:
Dungeon (4/15) Zot: 717
 Temple: D:4-7

Altars:
Dithmenos
Gozag
Okawaru
Sif Muna
Trog
Yredelemnul


Innate Abilities, Weirdness & Mutations

You are a tree.
Your roots penetrate the ground, keeping you stationary.
You cannot be teleported.
You are immune to unholy pain and torment.
Your maximum health is greatly increased.
Your equipment is partially melded.
You passively map a small area around you.
You are easily found by Zot.
You glow in the dark.
You regain HP and MP as you explore.


Message History

You feel sick.
You are no longer poisoned.
Found a stone staircase leading up.
Found a stone staircase leading down.
An ogre comes into view. It is wielding a +0 giant spiked club.
The ogre shouts!
A kobold comes into view.
It is wielding a +0 short sword and quivering poisoned darts.
The kobold shouts!
There are monsters nearby!
The kobold throws a poisoned dart.
The poisoned dart hits you.
You are poisoned.
You feel sick.
The kobold throws a poisoned dart.
The poisoned dart closely misses you.
You feel sick. Why would you want to do that? Why would you want to do that?
Why would you want to do that?
You feel sick.
You feel sick.
You see here a smoky yellow potion.
You feel sick.
You are no longer poisoned.
You hit the ogre but do no damage. You barely miss the ogre.
The ogre hits you with a +0 giant spiked club!!
* * * LOW HITPOINT WARNING * * *
You barely miss the ogre.
The ogre hits you with a +0 giant spiked club!!
* * * LOW HITPOINT WARNING * * *
Really quaff the potion of lignification?
Uppercase [Y]es or [N]o only, please.
Really quaff the potion of lignification?
Your transformation has ended.
You turn into a tree.
Your +0 scale mail melds into your body.
Your roots penetrate the ground.
You smack the ogre!
You punch the ogre, but do no damage.
The ogre is moderately wounded.
The ogre hits you with a +0 giant spiked club.
You die...

.###...........#...... ,
,..?.............>....
#....!........###### .#
####............<#
..##...............###
....≈.≈§≈≈§.≈..##...#
....≈.....§.§K#####.#
.####.≈.≈§..§§§O# #.#
......≈.§§_.≈§§♣# #.##########
......≈.≈...≈§§§## #..#.<......
##..§)†...§§≈§§# ##..........
##.≈.≈≈≈≈≈.≈..#####..........
..........§§....................
####.#####....##.####...........
#........#....# #...........
#####....###..#####.......<..
#........................


You could see an ogre and a kobold.

Vanquished Creatures
  A scorpion (D:4)
  2 orc priests (D:3)
  An orc wizard (D:3)
  8 gnolls
  An adder (D:3)
  A worm (D:2)
  5 orcs (D:3)
  5 endoplasms
  3 giant cockroaches
  4 goblins
  4 hobgoblins
  6 kobolds
  4 quokkas
  8 ball pythons
  5 bats
  2 frilled lizards (D:2)
  6 rats
66 creatures vanquished.

Notes
Turn   | Place    | Note
-------+----------+-------------------------------------------
     0 | D:1      | lunkers the Meteoran Shapeshifter began the quest for the
                  | Orb.
     0 | D:1      | Reached XP level 1. HP: 16/16 MP: 2/2
    86 | D:1      | Reached skill level 4 in Unarmed Combat
    86 | D:1      | Reached XP level 2. HP: 17/23 MP: 3/3
   255 | D:1      | You fall into a shaft and drop 1 floor!
   274 | D:2      | Reached XP level 3. HP: 28/28 MP: 4/4
   347 | D:2      | Reached skill level 5 in Unarmed Combat
   355 | D:2      | Reached XP level 4. HP: 28/35 MP: 5/5
   757 | D:2      | Reached skill level 6 in Unarmed Combat
   772 | D:2      | Reached XP level 5. HP: 28/40 MP: 6/6
   998 | D:3      | Reached skill level 7 in Unarmed Combat
  1004 | D:3      | Found a basalt altar of Yredelemnul.
  1031 | D:3      | Reached XP level 6. HP: 17/47 MP: 7/7
  1159 | D:3      | Found an iron altar of Okawaru.
  1187 | D:3      | Became a worshipper of Warmaster Okawaru
  1291 | D:3      | Found a shimmering blue altar of Sif Muna.
  1291 | D:3      | Found a faded altar of an unknown god.
  1299 | D:3      | Found a bloodstained altar of Trog.
  1301 | D:3      | Found an opulent altar of Gozag.
  1303 | D:3      | Found a faded altar of an unknown god.
  1657 | D:4      | Found a shadowy altar of Dithmenos.
  1673 | D:4      | Reached skill level 1 in Invocations
  1683 | D:4      | Noticed an ogre
  1699 | D:4      | HP: 2/47 [ogre/+0 giant spiked club (21)]
  1701 | D:4      | Slain by an ogre

Illustrated notes

Levels and vault maps discovered:
D:1:      saegor_arrival_simple_d, layout_rooms
D:2:      layout_loops_corners, chequers_serial_rivers_micro_a, minmay_vboxes
D:3:      layout_basic, lemuel_crystal_altar,
          chequers_temple_overflow_minitemple, mainiacjoe_overflow_paths
D:4:      layout_rooms, mainiacjoe_overflow_cross_hatched,
          mainiacjoe_overflow_surrounded_room, ebering_ghost_rock_garden

Skill      XL: |  1  2  3  4  5  6 |
---------------+-------------------+-----
Unarmed Combat | 4 5 6 7 |  7.9
Invocations    | 1 |  1.2
Shapeshifting  | 4 |  4.0
Fighting       | |  1.1
Dodging        | |  2.4

Action                     |  1- 3 |  4- 6 || total
---------------------------+-------+-------++-------
  Melee: Unarmed           |    47 |   122 ||   169
         Punch             |       |     8 ||     8
    Use: Scroll            |     4 |     2 ||     6
         Potion            |       |     1 ||     1
 Armour: Animal skin       |     8 |       ||     8
         Scale mail        |     3 |    48 ||    51
  Dodge: Dodged            |    25 |    35 ||    60

Table legend: (Time is in decaauts)
 A = Elapsed time spent in this place.
 B = Non-inter-level travel time spent in this place.
 C = Inter-level travel time spent in this place.
 D = Time resting spent in this place.
 E = Time spent auto-exploring this place.
 F = Levels seen in this place.
 G = Mean time per level.
                   A        B        C        D        E       F      G
               +--------+--------+--------+--------+--------+-----+--------+
         Total |   1682 |   1637 |     45 |    100 |   1031 |   4 |  420.5 |
       Dungeon |   1682 |   1637 |     45 |    100 |   1031 |   4 |  420.5 |
               +--------+--------+--------+--------+--------+-----+--------+

Top non-repeatable levels by time:
     D:3: 786 daAuts
     D:2: 569 daAuts
     D:1: 253 daAuts
     D:4: 73 daAuts
